 Dungeon Sprint DCSS version 0.26-a0-667-g92642533e4 (webtiles) character file.

Game seed: 254826574927632717

335663 mhtbhm the Minotaur Barricade (level 19, -11/207 HPs)
             Began as a Minotaur Fighter on Oct 17, 2020.
             Was the Champion of Okawaru.
             Killed from afar by an orb of fire (19 damage)
             ... with a bolt of fire
             ... in the Dungeon (Sprint IX: "|||||||||||||||||||||||||||||").
             The game lasted 00:29:41 (10969 turns).

mhtbhm the Minotaur Barricade (Minotaur Fighter)   Turns: 10969, Time: 00:29:42

Health: -11/207    AC: 44    Str: 37    XL:     19   Next: 63%
Magic:  28/28      EV: 19    Int:  3    God:    Okawaru [******]
Gold:   419        SH: 38    Dex:  9    Spells: 18/18 levels left

rFire    + + .     SeeInvis .   a - +6 demon blade (freeze)
rCold    + + .     Faith    .   c - +4 tower shield {AC+3}
rNeg     . . .     Spirit   .   b - +12 gold dragon scales
rPois    +         Reflect  +   y - +2 hat
rElec    .         Harm     .   x - scarf {rC+ rF+}
rCorr    .         Rampage  .   U - +1 pair of gloves {Str+3}
MR       +....     NoTele   +   o - +1 pair of boots
Stlth    ..........             H - amulet of reflection
HPRegen  0.44/turn              Q - +6 ring of strength
MPRegen  0.21/turn              O - +2 ring of slaying

@: no status effects
A: retaliatory headbutt, horns 2, deformed body, dopey 1, poison resistance,
screaming 1, weak 1, wild magic 1
}: 5/17 runes: decaying, serpentine, barnacled, silver, gossamer
a: Heroism, Finesse, Renounce Religion


You were in the Dungeon.
You worshipped Okawaru.
Okawaru was exalted by your worship.
You visited 1 branch You collected 1994 gold pieces.
You spent 1575 gold pieces at shops.

Inventory:

Hand Weapons
 a - a +6 demon blade of freezing (weapon)
 r - the +7 scimitar of the Head {flame, MR+}
   (Okawaru gifted it to you in the Dungeon)

   It has been specially enchanted to burn those struck by it, causing extra
   injury to most foes and up to half again as much damage against particularly
   susceptible opponents.
   Big, fiery blades are also staple armaments of hydra-hunters.
   It affects your resistance to hostile enchantments.
 S - a +9 eudemon blade of holy wrath
 T - the +8 longbow "Zephyr" {speed, Dex+3 SInv}
   (Okawaru gifted it to you in the Dungeon)

   Attacks with this weapon are significantly faster.
   It affects your dexterity (+3).
   It lets you see invisible.
Missiles
 D - 50 javelins (quivered)
Armour
 b - +12 gold dragon scales (worn)
 c - a +4 tower shield of protection (worn)
 o - a +1 pair of boots (worn)
 x - a scarf of resistance (worn)
 y - a +2 hat (worn)
 L - a +0 cloak of preservation
 U - a +1 pair of gloves of strength (worn)
Jewellery
 q - the ring "Fetasea" {rPois rF+ rC- Int+3}
   (You found it in the Dungeon)

   [ring of protection from fire]

   It affects your intelligence (+3).
   It protects you from fire.
   It makes you vulnerable to cold.
   It protects you from poison.
 C - an uncursed amulet of regeneration
 F - an uncursed ring of protection from fire
 H - an amulet of reflection (around neck)
 O - a +2 ring of slaying (right hand)
 Q - a +6 ring of strength (left hand)
Wands
 I - a wand of polymorph (7)
Scrolls
 j - 4 scrolls of blinking
 l - 8 scrolls of remove curse
 m - 2 scrolls of amnesia
 s - 5 scrolls of identify
 u - 5 scrolls of fear
 w - a scroll of fog
 B - a scroll of holy word
Potions
 d - 5 potions of might
 e - 9 potions of curing
 f - 3 potions of heal wounds
 g - 2 potions of stabbing
 h - 9 potions of magic
 k - 2 potions of berserk rage
 p - 5 potions of brilliance
 A - a potion of resistance
 J - 7 potions of haste
Miscellaneous
 z - a condenser vane (2/2)
 E - a phantom mirror


   Skills:
 O Level 27 Fighting
 O Level 27 Long Blades
 O Level 27 Throwing
 O Level 27 Armour
 O Level 27 Dodging
 + Level 13.6 Stealth
 O Level 27 Shields
 + Level 13.5 Invocations
 + Level 23.3 Evocations


You had 18 spell levels left.
You didn't know any spells.
Your spell library contained the following spells:

 Spells                   Type           Power        Failure   Level
 Sandblast                Erth           #.....       96%         1
 Stone Arrow              Conj/Erth      #.....       100%        3
 Hailstorm                Conj/Ice       #.......     100%        4
 Bolt of Magma            Conj/Fire/Erth #.........   100%        5
 Statue Form              Tmut/Erth      #........    100%        6


Dungeon Overview and Level Annotations

Branches:
Dungeon (1/1)

Altars:
Cheibriados
Dithmenos
Elyvilon
Fedhas
Gozag
Hepliaklqana
Kikubaaqudgha
Makhleb
Nemelex Xobeh
Okawaru
Qazlal
Ru
Sif Muna
Trog
Uskayaw
Vehumet
Wu Jian
Xom
Yredelemnul
Zin
The Shining One
Beogh
Jiyva
Lugonu

Shops:
D *!}*


Innate Abilities, Weirdness & Mutations

You reflexively headbutt those who attack you in melee.
You have a pair of horns on your head.
Armour fits poorly on your strangely shaped body.
You are dopey. (Int -2)
Your system is resistant to poisons. (rPois)
You occasionally shout uncontrollably at your foes.
You are weak. (Str -2)
Your spells are a little harder to cast, but a little more powerful.


Message History

The orb of fire emits a lurid red light.
The bolt of fire hits you!! You resist.
* * * LOW HITPOINT WARNING * * *
The orb of fire glows bright magenta.
The bolt of fire hits you! You resist.
* * * LOW HITPOINT WARNING * * *
The orb of fire glows deep purple.
Strange energies course through your body.
Your body twists and deforms.
The orb of fire glows red.
The fireball explodes!
The fireball engulfs you! You resist.
* * * LOW HITPOINT WARNING * * *
The orb of fire glows yellow.
Strange energies course through your body.
You feel stupid.
The orb of fire glows red.
Strange energies course through your body.
The orb of fire glows red.
The bolt of fire hits you!! You resist.
You die...

.................................
▓▓▓▓▓▓▓▓▓▓▓▓▓▓▓▓▓▓▓▓▓▓▓▓▓▓▓▓▓▓▓▓▓
..[[[[[[[...........=............
▓▓▓▓▓▓▓▓▓▓▓▓▓▓▓▓▓▓▓▓▓▓▓▓▓▓▓▓▓▓▓▓▓
..............................[).
▓▓▓▓▓▓▓▓▓▓▓▓▓▓▓▓▓▓▓▓▓▓▓▓▓▓▓▓▓▓▓▓▓
)).††.))))..)..')))......)...)...
▓▓▓▓▓▓▓▓▓▓▓▓▓▓▓▓▓▓▓▓▓▓▓▓▓▓▓▓▓▓▓▓▓
...........*....@................
▓▓▓▓▓▓▓▓▓▓▓▓▓▓▓▓▓▓▓▓▓▓▓▓▓▓▓▓▓▓▓▓▓
['.'X'z')*z.qDD ▓▓▓▓▓▓▓▓▓▓▓▓▓▓▓


You could see an orb of fire.

Vanquished Creatures
  4 orbs of fire (D)
  Mennas (D)
  Mara (D)
  2 ancient liches (D)
  Boris (D)
  Saint Roka (D)
  Margery (D)
  Xtahua (D)
  A curse toe (D)
  A caustic shrike (D)
  2 bone dragons (D)
  3 golden dragons (D)
  An electric golem (D)
  4 tentacled monstrosities (D)
  2 titans (D)
  Rupert (D)
  14 Orb Guardians (D)
  A quicksilver dragon (D)
  Gastronok (D)
  2 death cobs (D)
  7 shadow dragons (D)
  A tengu reaver (D)
  Donald (D)
  Ilsuiw (D)
  2 draconian monks (D)
  3 storm dragons (D)
  3 nagarajas (D)
  3 fire giants (D)
  A draconian scorcher (D)
  2 vault wardens (D)
  2 frost giants (D)
  Aizul (D)
  Louise (D)
  A ghost moth (D)
  2 draconian knights (D)
  7 emperor scorpions (D)
  A draconian shifter (D)
  4 ironheart preservers (D)
  A draconian stormcaller (D)
  3 very ugly things (D)
  5 stone giants (D)
  Nessos (D)
  2 green draconians (D)
  7 black draconians (D)
  4 yellow draconians (D)
  2 red draconians (D)
  A dire elephant (D)
  A spark wasp (D)
  5 purple draconians (D)
  5 white draconians (D)
  5 merfolk javelineers (D)
  4 merfolk impalers (D)
  2 fire dragons (D)
  A yaktaur captain (D)
  25 vault guards (D)
  3 great orbs of eyes (D)
  10 hydras (D)
  3 naga warriors (D)
  A centaur warrior (D)
  A shambling mangrove (D)
  3 ice dragons (D)
  2 merfolk avatars (D)
  2 alligators (D)
  A two-headed ogre (D)
  2 merfolk aquamancers (D)
  4 ogre magi (D)
  2 deep troll shamans (D)
  7 orc high priests (D)
  A death yak (D)
  A shock serpent (D)
  3 deep elf knights (D)
  A skeletal warrior (D)
  A naga sharpshooter (D)
  4 hell knights (D)
  A glowing orange brain (D)
  An unseen horror (D)
  A wizard (D)
  5 swamp dragons (D)
  3 orc knights (D)
  2 ironbrand convokers (D)
  A naga ritualist (D)
  2 necromancers (D)
  An orb spider (shapeshifter) (D)
  A mana viper (D)
  2 manticores (D)
  2 ugly things (D)
  2 wolf spiders (D)
  9 moths of wrath (D)
  A merfolk siren (D)
  7 elephants (D)
  An elephant (shapeshifter) (D)
  Psyche (D)
  5 black mambas (D)
  A water nymph (D)
  A guardian serpent (shapeshifter) (D)
  3 guardian serpents (D)
  5 vault sentinels (D)
  6 cane toads (D)
  3 naga magi (D)
  A gargoyle (D)
  Joseph (D)
  3 freezing wraiths (D)
  4 yaktaurs (D)
  3 demonic crawlers (D)
  A troll (D)
  2 tengu conjurers (D)
  5 jumping spiders (D)
  2 wind drakes (D)
  3 slime creatures (D)
  A bog body (D)
  4 hornets (D)
  2 snapping turtles (D)
  A redback (D)
  A shadow (D)
  2 tarantellas (D)
  Eustachio (D)
  A spriggan (D)
  A vampire mosquito (D)
  2 basilisks (D)
  3 nagas (D)
  3 water moccasins (D)
  13 orc warriors (D)
  A black bear (D)
  2 wolves (D)
  2 centaurs (D)
  2 bullfrogs (D)
  A quasit (D)
  A hound (D)
  11 orc priests (D)
  3 orc wizards (D)
  A hell rat (D)
  2 iguanas (D)
  2 worker ants (D)
  2 adders (D)
  An adder skeleton (D)
  A leopard gecko (D)
  9 orcs (D)
  A goblin (D)
  2 kobolds (D)
  A rat (D)
386 creatures vanquished.

Vanquished Creatures (others)
  A death knight (D)
  A scorpion (D)
2 creatures vanquished.

Grand Total: 388 creatures vanquished

Notes
Turn   | Place    | Note
-------+----------+-------------------------------------------
     0 | D        | mhtbhm the Minotaur Fighter began the quest for the Orb.
     0 | D        | Reached XP level 1. HP: 19/19 MP: 0/0
    20 | D        | Noticed an iguana
    20 | D        | Noticed a hound
    23 | D        | Killed an iguana
    23 | D        | Reached skill level 5 in Fighting
    23 | D        | Reached skill level 5 in Armour
    23 | D        | Reached skill level 5 in Shields
    23 | D        | Reached XP level 2. HP: 29/29 MP: 1/1
    23 | D        | Reached XP level 3. HP: 36/36 MP: 2/2
    31 | D        | Reached XP level 4. HP: 38/44 MP: 3/3
   123 | D        | Found a roughly hewn altar of Beogh.
   123 | D        | Found a snail-covered altar of Cheibriados.
   123 | D        | Found a shadowy altar of Dithmenos.
   123 | D        | Found a white marble altar of Elyvilon.
   123 | D        | Found a blossoming altar of Fedhas.
   123 | D        | Found an opulent altar of Gozag.
   124 | D        | Found a hazy altar of Hepliaklqana.
   125 | D        | Found a viscous altar of Jiyva.
   126 | D        | Found an ancient bone altar of Kikubaaqudgha.
   127 | D        | Found a corrupted altar of Lugonu.
   128 | D        | Found a burning altar of Makhleb.
   129 | D        | Found a sparkling altar of Nemelex Xobeh.
   130 | D        | Found an iron altar of Okawaru.
   131 | D        | Found a stormy altar of Qazlal.
   132 | D        | Found a sacrificial altar of Ru.
   133 | D        | Found a shimmering blue altar of Sif Muna.
   134 | D        | Found a bloodstained altar of Trog.
   135 | D        | Found a hide-covered altar of Uskayaw.
   136 | D        | Found a radiant altar of Vehumet.
   137 | D        | Found an ornate altar of the Wu Jian Council.
   138 | D        | Found a shimmering altar of Xom.
   139 | D        | Found a basalt altar of Yredelemnul.
   140 | D        | Found a glowing silver altar of Zin.
   141 | D        | Found a glowing golden altar of the Shining One.
   200 | D        | Noticed a centaur
   200 | D        | Noticed a troll
   200 | D        | Noticed a two-headed ogre
   224 | D        | Reached skill level 5 in Long Blades
   226 | D        | Became a worshipper of Warmaster Okawaru
   228 | D        | Killed a centaur
   228 | D        | Reached XP level 5. HP: 53/53 MP: 4/4
   237 | D        | Killed a troll
   237 | D        | Reached * piety under Okawaru
   237 | D        | Reached XP level 6. HP: 43/63 MP: 5/5
   241 | D        | Killed a two-headed ogre
   241 | D        | Reached ** piety under Okawaru
   241 | D        | Reached *** piety under Okawaru
   241 | D        | Received a gift from Okawaru
   241 | D        | Reached skill level 10 in Fighting
   241 | D        | Reached skill level 10 in Long Blades
   241 | D        | Reached XP level 7. HP: 51/73 MP: 6/6
   241 | D        | Reached XP level 8. HP: 57/81 MP: 7/7
   427 | D        | Noticed a death knight
   436 | D        | Killed an unseen horror
   436 | D        | Reached **** piety under Okawaru
   448 | D        | Killed a death knight
   448 | D        | Reached XP level 9. HP: 34/90 MP: 8/8
   451 | D        | Reached skill level 1 in Dodging
   779 | D        | Noticed a cane toad
   779 | D        | Noticed a cane toad
   779 | D        | Noticed a five-headed hydra
   779 | D        | Noticed a black mamba
   785 | D        | Killed a cane toad
   788 | D        | Noticed an eight-headed hydra
   792 | D        | Killed a one-headed hydra
   792 | D        | Reached ***** piety under Okawaru
   795 | D        | Killed a cane toad
   799 | D        | Received a gift from Okawaru
   803 | D        | Killed a five-headed hydra
   803 | D        | Reached XP level 10. HP: 54/101 MP: 9/9
   806 | D        | Killed a black mamba
   806 | D        | Reached skill level 15 in Long Blades
  1034 | D        | Noticed a cane toad
  1034 | D        | Noticed a death yak
  1034 | D        | Noticed a cane toad
  1039 | D        | Noticed a black mamba
  1046 | D        | Killed a death yak
  1049 | D        | Killed a cane toad
  1053 | D        | Killed a cane toad
  1053 | D        | Reached skill level 1 in Stealth
  1062 | D        | Killed a black mamba
  1360 | D        | Noticed an elephant
  1360 | D        | Noticed an elephant
  1360 | D        | Noticed an elephant
  1360 | D        | Noticed an elephant
  1360 | D        | Noticed an elephant
  1360 | D        | Noticed an elephant
  1365 | D        | Killed an elephant
  1372 | D        | Killed an elephant
  1372 | D        | Reached skill level 5 in Dodging
  1378 | D        | Killed an elephant
  1378 | D        | Reached skill level 15 in Shields
  1378 | D        | Reached XP level 11. HP: 89/111 MP: 10/10
  1394 | D        | Reached skill level 15 in Armour
  1397 | D        | Received a gift from Okawaru
  1398 | D        | Noticed a dire elephant
  1408 | D        | Killed a dire elephant
  1408 | D        | Reached skill level 15 in Fighting
  1408 | D        | Reached skill level 1 in Evocations
  1574 | D        | Noticed Psyche
  1579 | D        | Killed Psyche
  1604 | D        | Noticed Joseph
  1611 | D        | Killed Joseph
  1715 | D        | Noticed an orc knight
  1717 | D        | Noticed a stone giant
  1722 | D        | Killed an orc knight
  1736 | D        | Killed a stone giant
  2059 | D        | Noticed an orc knight
  2061 | D        | Reached ****** piety under Okawaru
  2088 | D        | Killed an orc knight
  2178 | D        | Found Xuaqug's General Store.
  2178 | D        | Noticed an orc high priest
  2178 | D        | Noticed an orc high priest
  2182 | D        | Killed an orc high priest
  2182 | D        | Received a gift from Okawaru
  2189 | D        | Found Jeyp's Distillery.
  2195 | D        | Killed an orc high priest
  2197 | D        | Noticed an orc high priest
  2200 | D        | Found Vutuocw's Gadget Emporium.
  2213 | D        | Killed an orc high priest
  2213 | D        | Reached XP level 12. HP: 74/125 MP: 11/11
  2374 | D        | Found Fithenas's General Store.
  2377 | D        | Noticed an orc high priest
  2378 | D        | Noticed an orc high priest
  2379 | D        | Noticed an orc high priest
  2381 | D        | Noticed an orc high priest
  2389 | D        | Killed an orc high priest
  2399 | D        | Killed an orc high priest
  2403 | D        | Killed an orc high priest
  2406 | D        | Killed an orc high priest
  2674 | D        | Bought a condenser vane (2/2) for 280 gold pieces
  2676 | D        | Bought a potion of heal wounds for 65 gold pieces
  2676 | D        | Bought a potion of haste for 130 gold pieces
  2676 | D        | Bought a potion of resistance for 130 gold pieces
  2676 | D        | Bought a potion of might for 52 gold pieces
  2678 | D        | Bought a scroll of identify for 24 gold pieces
  2678 | D        | Bought a scroll of identify for 24 gold pieces
  2678 | D        | Bought a scroll of holy word for 90 gold pieces
  2684 | D        | Bought a potion of curing for 30 gold pieces
  2684 | D        | Bought an uncursed amulet of regeneration for 300 gold
                  | pieces
  2684 | D        | Bought a throwing net for 30 gold pieces
  2686 | D        | Bought a phantom mirror for 420 gold pieces
  2750 | D        | Noticed Gastronok
  2758 | D        | Killed Gastronok
  2771 | D        | Noticed Eustachio
  2782 | D        | Killed Eustachio
  2936 | D        | Noticed an ogre mage
  2942 | D        | Killed an ogre mage
  2976 | D        | Received a gift from Okawaru
  3120 | D        | Noticed a spark wasp
  3121 | D        | Noticed a fire dragon
  3123 | D        | Noticed a deep troll shaman
  3126 | D        | Killed a spark wasp
  3139 | D        | Killed a fire dragon
  3148 | D        | Killed a deep troll shaman
  3692 | D        | Noticed Nessos
  3701 | D        | Killed Nessos
  3742 | D        | Noticed Rupert
  3756 | D        | Killed Rupert
  3756 | D        | Reached XP level 13. HP: 137/137 MP: 12/12
  3789 | D        | Noticed a merfolk javelineer
  3806 | D        | Killed a merfolk javelineer
  4091 | D        | Reached skill level 10 in Dodging
  4094 | D        | Reached skill level 1 in Throwing
  4215 | D        | Reached skill level 5 in Stealth
  4215 | D        | Received a gift from Okawaru
  4816 | D        | Noticed Aizul
  4839 | D        | Killed Aizul
  4869 | D        | HP: 7/141 [poisoned by Aizul (bolt of poison)]
  4875 | D        | HP: 6/141 [poisoned by Aizul (bolt of poison)]
  4883 | D        | HP: 7/141 [poisoned by Aizul (bolt of poison)]
  5361 | D        | Noticed a fire giant
  5376 | D        | Noticed a stone giant
  5384 | D        | Noticed a tentacled monstrosity
  5387 | D        | Noticed a storm dragon
  5389 | D        | Killed a fire giant
  5392 | D        | Reached skill level 5 in Evocations
  5399 | D        | Killed a tentacled monstrosity
  5399 | D        | Reached XP level 14. HP: 71/151 MP: 13/13
  5403 | D        | Killed a stone giant
  5404 | D        | HP: 5/151 [storm dragon/bolt of lightning (42)]
  5409 | D        | Killed a storm dragon
  5409 | D        | Received a gift from Okawaru
  5409 | D        | Noticed a stone giant
  5450 | D        | Killed a stone giant
  5476 | D        | Noticed a tengu reaver
  5481 | D        | Paralysed by a great orb of eyes for 3 turns
  5488 | D        | Noticed a cyan very ugly thing
  5500 | D        | Killed a tengu reaver
  5502 | D        | Killed a cyan very ugly thing
  5941 | D        | Noticed a vault warden
  5941 | D        | Noticed an ironheart preserver
  5975 | D        | Killed a vault warden
  5979 | D        | Received a gift from Okawaru
  5988 | D        | Killed an ironheart preserver
  5993 | D        | Noticed an ironheart preserver
  5996 | D        | Noticed a vault warden
  6023 | D        | Killed a vault warden
  6023 | D        | Noticed an ironheart preserver
  6027 | D        | Killed an ironheart preserver
  6047 | D        | Killed an ironheart preserver
  6054 | D        | Received a gift from Okawaru
  6249 | D        | Noticed Louise
  6261 | D        | Killed Louise
  6392 | D        | Gained mutation: You are partially covered in large bone
                  | plates. (SH +4) [potion of mutation]
  6392 | D        | Gained mutation: You have a somewhat thin skeletal
                  | structure. (Dex +2, Stealth) [potion of mutation]
  6436 | D        | Noticed Margery
  6454 | D        | Killed Margery
  6454 | D        | Reached XP level 15. HP: 162/162 MP: 14/14
  6564 | D        | Noticed Ilsuiw
  6587 | D        | Killed Ilsuiw
  6587 | D        | Received a gift from Okawaru
  6610 | D        | Reached skill level 5 in Throwing
  6656 | D        | Got a barnacled rune of Zot
  6879 | D        | Noticed a nagaraja
  6879 | D        | Noticed a nagaraja
  6886 | D        | Killed a nagaraja
  6887 | D        | Killed a nagaraja
  6887 | D        | Received a gift from Okawaru
  6909 | D        | Noticed a nagaraja
  6913 | D        | Killed a nagaraja
  6913 | D        | Reached skill level 27 in Shields
  6939 | D        | Got a serpentine rune of Zot
  6961 | D        | Received a gift from Okawaru
  6986 | D        | Reached skill level 10 in Throwing
  7006 | D        | Got a decaying rune of Zot
  7078 | D        | Killed a ghost moth
  7078 | D        | Received a gift from Okawaru
  7200 | D        | Received a gift from Okawaru
  7200 | D        | Reached skill level 15 in Dodging
  7200 | D        | Reached XP level 16. HP: 159/178 MP: 15/15
  7222 | D        | Got a gossamer rune of Zot
  7283 | D        | Noticed Mennas
  7339 | D        | Killed Mennas
  7651 | D        | Noticed Donald
  7654 | D        | Noticed Xtahua
  7660 | D        | Killed Donald
  7664 | D        | Paralysed by Xtahua for 4 turns
  7675 | D        | Killed Xtahua
  7675 | D        | Reached skill level 1 in Invocations
  7837 | D        | Received a gift from Okawaru
  7838 | D        | Found the +8 longbow "Zephyr" {speed, Dex+3 SInv}
  7924 | D        | Reached skill level 27 in Fighting
  7953 | D        | Received a gift from Okawaru
  8011 | D        | Reached skill level 27 in Long Blades
  8019 | D        | Noticed a shadow dragon
  8033 | D        | Killed a shadow dragon
  8044 | D        | Noticed a shadow dragon
  8045 | D        | Noticed a shadow dragon
  8048 | D        | Reached skill level 15 in Throwing
  8064 | D        | Killed a shadow dragon
  8064 | D        | Reached skill level 10 in Stealth
  8072 | D        | Killed a shadow dragon
  8083 | D        | Reached XP level 17. HP: 121/191 MP: 18/18
  8314 | D        | Noticed an ancient lich
  8314 | D        | Noticed a quicksilver dragon
  8314 | D        | Noticed a titan
  8319 | D        | Noticed a titan
  8321 | D        | Killed an ancient lich
  8321 | D        | Received a gift from Okawaru
  8340 | D        | Killed a quicksilver dragon
  8340 | D        | Killed a titan
  8342 | D        | Killed a titan
  8360 | D        | Identified Sif Muna's Disquisition on Congealing Clay
  8374 | D        | Got a silver rune of Zot
  8740 | D        | Got a crystal scimitar
  8741 | D        | Identified the +2 scimitar "Huazyqija" {flame, rElec} (You
                  | found it in the Dungeon)
  8789 | D        | Noticed Saint Roka
  8809 | D        | Killed Saint Roka
  8941 | D        | Got the ring "Fetasea" {rPois rF+ rC- Int+3}
  8943 | D        | Got the amulet "Liumucom" {RegenMP rPois}
  8945 | D        | Got the ring of Activism {rF- EV+3 Int+5 SInv Stlth-}
  8947 | D        | Got the ring "Xorax" {rPois rF- Str-4 Dex+10 SInv}
  8949 | D        | Got the amulet of Isem Myo {Spirit MR- Str+3 Dex+3}
  8998 | D        | Lost mutation: You are partially covered in large bone
                  | plates. (SH +4) [potion of mutation]
  8998 | D        | Lost mutation: You have a somewhat thin skeletal structure.
                  | (Dex +2, Stealth) [potion of mutation]
  8998 | D        | Gained mutation: Your spells are a little harder to cast,
                  | but a little more powerful. [potion of mutation]
  8998 | D        | Gained mutation: Your system is resistant to poisons.
                  | (rPois) [potion of mutation]
  9060 | D        | Noticed Boris
  9066 | D        | Killed Boris
  9066 | D        | Received a gift from Okawaru
  9069 | D        | Got a smoking scimitar {god gift}
  9070 | D        | Identified the +7 scimitar of the Head {flame, MR+}
                  | (Okawaru gifted it to you in the Dungeon)
  9140 | D        | Noticed Mara
  9154 | D        | Noticed mhtbhm's illusion
  9159 | D        | Killed Mara
  9247 | D        | Noticed a caustic shrike
  9257 | D        | Killed a caustic shrike
  9258 | D        | Received a gift from Okawaru
  9278 | D        | Noticed a bone dragon
  9278 | D        | Noticed a golden dragon
  9278 | D        | Noticed a golden dragon
  9286 | D        | Killed a bone dragon
  9293 | D        | Killed a golden dragon
  9298 | D        | Killed a golden dragon
  9300 | D        | Reached XP level 18. HP: 131/200 MP: 19/19
  9301 | D        | Noticed a bone dragon
  9326 | D        | Killed a bone dragon
  9636 | D        | Noticed a tentacled monstrosity
  9638 | D        | Received a gift from Okawaru
  9640 | D        | Killed a tentacled monstrosity
  9654 | D        | Noticed a tentacled monstrosity
  9663 | D        | Killed a tentacled monstrosity
  9793 | D        | Noticed a curse toe
  9796 | D        | Reached skill level 27 in Throwing
  9802 | D        | Reached skill level 10 in Evocations
  9804 | D        | Received a gift from Okawaru
  9805 | D        | Killed a curse toe
 10379 | D        | Noticed an Orb Guardian
 10379 | D        | Noticed an Orb Guardian
 10379 | D        | Noticed an Orb Guardian
 10379 | D        | Noticed an Orb Guardian
 10379 | D        | Noticed an Orb Guardian
 10379 | D        | Noticed an Orb Guardian
 10383 | D        | Killed an Orb Guardian
 10383 | D        | Received a gift from Okawaru
 10386 | D        | Noticed an Orb Guardian
 10387 | D        | Killed an Orb Guardian
 10392 | D        | Killed an Orb Guardian
 10397 | D        | Killed an Orb Guardian
 10405 | D        | Killed an Orb Guardian
 10409 | D        | Killed an Orb Guardian
 10420 | D        | Killed an Orb Guardian
 10420 | D        | Reached skill level 27 in Dodging
 10422 | D        | Noticed an Orb Guardian
 10423 | D        | Noticed an Orb Guardian
 10424 | D        | Noticed an Orb Guardian
 10430 | D        | Killed an Orb Guardian
 10430 | D        | Reached skill level 27 in Armour
 10433 | D        | Killed an Orb Guardian
 10436 | D        | Killed an Orb Guardian
 10444 | D        | Noticed an Orb Guardian
 10444 | D        | Noticed an Orb Guardian
 10444 | D        | Noticed a tentacled monstrosity
 10449 | D        | Noticed an Orb Guardian
 10453 | D        | Noticed an Orb Guardian
 10457 | D        | Killed a tentacled monstrosity
 10457 | D        | Reached skill level 15 in Evocations
 10457 | D        | Reached XP level 19. HP: 205/207 MP: 20/20
 10512 | D        | Noticed an ancient lich
 10512 | D        | Paralysed by an ancient lich for 3 turns
 10518 | D        | Killed an ancient lich
 10518 | D        | Received a gift from Okawaru
 10652 | D        | Noticed an orb of fire
 10664 | D        | Killed an orb of fire
 10829 | D        | Noticed an electric golem
 10840 | D        | Killed an electric golem
 10847 | D        | Noticed an orb of fire
 10847 | D        | Noticed an orb of fire
 10853 | D        | Noticed a golden dragon
 10859 | D        | Killed an orb of fire
 10860 | D        | Noticed an orb of fire
 10869 | D        | Killed an orb of fire
 10875 | D        | Noticed a golden dragon
 10878 | D        | Noticed an orb of fire
 10880 | D        | Killed a golden dragon
 10882 | D        | Noticed a golden dragon
 10890 | D        | Gained mutation: You occasionally shout uncontrollably at
                  | your foes. [an orb of fire]
 10894 | D        | Killed an orb of fire
 10937 | D        | Gained mutation: You are weak. (Str -2) [an orb of fire]
 10960 | D        | Gained mutation: Armour fits poorly on your strangely
                  | shaped body. [an orb of fire]
 10962 | D        | HP: 5/207 [orb of fire/fireball (14)]
 10965 | D        | Gained mutation: You are dopey. (Int -2) [an orb of fire]
 10969 | D        | Killed from afar by an orb of fire

Illustrated notes

Levels and vault maps discovered:
D:        linesprint [early_d, line_temple, items_1, d_10, items_2, lair_1,
          lair_end, items_3, orc_1, orc_end, items_4, d_15, swamp_1, shoals_1,
          snake_1, spider_1, d_20, vaults_1, items_5, swamp_end, shoals_end,
          snake_end, spider_end, vaults_end, d_27, items_6, zot_1, zot_end,
          crypt_end, forest_end, elf_end, slime_end, tomb_end, abyss_end,
          pan_hell_end]

Skill      XL: |  1  2  3  4  5  6  7  8  9 10 11 12 13 14 15 16 17 18 19 |
---------------+----------------------------------------------------------+-----
Fighting       | 5 6 7 9 10 12 13 14 17 19 21 22 25 27 | 27.0
Armour         | 5 6 7 9 11 12 13 14 15 16 17 18 20 21 27 | 27.0
Shields        | 5 6 8 9 11 12 13 15 16 18 22 25 27 | 27.0
Long Blades    | 3 4 6 8 10 12 14 17 18 20 21 23 24 27 | 27.0
Dodging        | 3 5 7 9 11 13 15 20 24 27 | 27.0
Stealth        | 1 2 3 5 6 7 10 13 | 13.6
Evocations     | 1 3 5 6 8 9 15 23 | 23.3
Throwing       | 2 3 12 15 23 27 | 27.0
Invocations    | 3 13 | 13.5

Action                   |  1- 3 |  4- 6 |  7- 9 | 10-12 | 13-15 | 16-18 | 19-21 || total
-------------------------+-------+-------+-------+-------+-------+-------+-------++-------
Melee: Long sword        |    21 |     4 |       |       |       |       |       ||    25
       Headbutt          |     3 |     2 |    10 |    70 |   127 |   162 |    20 ||   394
       Scimitar          |       |    16 |    38 |   293 |   294 |       |       ||   641
       Demon blade       |       |       |       |       |   144 |   473 |    30 ||   647
       Eudemon blade     |       |       |       |       |       |    65 |    49 ||   114
Throw: Javelin           |       |       |       |     1 |    50 |    41 |     8 ||   100
       Throwing net      |       |       |       |       |     1 |       |       ||     1
Invok: Heroism           |       |       |       |       |       |     1 |     2 ||     3
Evoke: Wand              |       |       |     1 |     7 |     1 |     1 |       ||    10
       Condenser vane    |       |       |       |     1 |    16 |     2 |       ||    19
  Use: Potion            |       |     1 |     1 |       |     5 |     8 |     1 ||    16
       Scroll            |       |       |       |       |       |    17 |     1 ||    18
 Stab: Confused          |       |       |       |     3 |     3 |       |       ||     6
       Distracted        |       |       |       |       |     1 |       |       ||     1
       Sleeping          |       |       |       |       |       |     1 |       ||     1
Armor: Scale mail        |     9 |    20 |    22 |    26 |    60 |    31 |       ||   168
       Ring mail         |       |       |       |     9 |     9 |       |       ||    18
       Gold dragon scale |       |       |       |       |       |    14 |    12 ||    26
Dodge: Dodged            |     5 |    15 |     9 |    48 |    71 |    52 |    11 ||   211
Block: Kite shield       |     7 |    19 |    19 |   106 |       |       |       ||   151
       Tower shield      |       |       |       |    29 |   378 |   379 |    35 ||   821
       Reflection        |       |       |       |     5 |    15 |     2 |       ||    22
       Rpst.: Long sword |     1 |       |       |       |       |       |       ||     1
       Scimitar          |       |     3 |     2 |     7 |     6 |       |       ||    18
       Demon blade       |       |       |       |       |     3 |     3 |       ||     6
       Eudemon blade     |       |       |       |       |       |       |     1 ||     1

Table legend: (Time is in decaauts) A = Elapsed time spent in this place. B = Non-inter-level travel time spent in this place. C = Inter-level travel time spent in this place. D = Time resting spent in this place. E = Time spent auto-exploring this place. F = Levels seen in this place. G = Mean time per level. A B C D E F G +--------+--------+--------+--------+--------+-----+--------+ Total | 10474 | 10474 | 0 | 6043 | 1525 | 1 | 10474.0 | Dungeon | 10474 | 10474 | 0 | 6043 | 1525 | 1 | 10474.0 | +--------+--------+--------+--------+--------+-----+--------+

Top non-repeatable levels by time:
       D: 10474 daAuts
